 Dungeon Crawl Stone Soup version 0.24.0-1-gfbc8707122 (webtiles) character file.

Game seed: 16170948165221434484, levelgen mode: deterministic

229 Monsterracer the Chopper (level 5, -5/49 HPs)
             Began as a Deep Dwarf Fighter on Oct 29, 2019.
             Was an Initiate of Makhleb.
             Slain by an ogre
             ... wielding a +0 giant spiked club
              (31 damage)
             ... on level 4 of the Dungeon.
             The game lasted 00:01:31 (2114 turns).

Monsterracer the Chopper (Deep Dwarf Fighter)       Turns: 2114, Time: 00:01:31

Health: -5/49      AC:  9    Str: 20    XL:     5   Next: 71%
Magic:  4/4        EV:  8    Int:  9    God:    Makhleb [......]
Gold:   179        SH:  9    Dex: 12    Spells: 4/4 levels left

rFire    . . .     SeeInvis .   a - +1 war axe
rCold    . . .     Gourm    .   h - +0 shield
rNeg     . . .     Faith    .   d - +1 ring mail of Whack-A-Mole {+Blink} (curse)
rPois    .         Spirit   .   o - +1 helmet
rElec    .         Reflect  .   (no cloak)
rCorr    .         Harm     +   (no gloves)
MR       .....                  (no boots)
Stlth    +.........             i - amulet of harm
HPRegen  0.00/turn              (no ring)
MPRegen  0.09/turn              (no ring)

@: non-regenerating
A: damage resistance, heal wounds, sense surroundings 1, no regeneration
a: Heal Wounds, Renounce Religion, Evoke Blink


You were on level 4 of the Dungeon.
You worshipped Makhleb.
Makhleb was noncommittal.
You were not hungry.

You visited 1 branch of the dungeon, and saw 4 of its levels.

You collected 179 gold pieces.

Inventory:

Hand Weapons
 a - a +1 war axe (weapon)
Armour
 d - the cursed +1 ring mail of Whack-A-Mole (worn) {+Blink}
   (You found it on level 4 of the Dungeon)

   It lets you blink.
   It has a curse placed upon it.
 h - a +0 shield (worn)
 o - a +1 helmet (worn)
   (You took it off Robin on level 2 of the Dungeon)
 y - a +0 plate armour
   (You found it on level 3 of the Dungeon)
Jewellery
 i - an amulet of harm (around neck)
   (You found it on level 1 of the Dungeon)
Scrolls
 r - 6 scrolls of remove curse
Potions
 b - 2 potions of mutation {unknown}
 e - 3 potions of curing
 j - a potion of might
 l - a potion of magic
 m - a potion of ambrosia {!q}
 n - 3 potions of flight
 q - a potion of berserk rage {unknown}
 v - a potion of brilliance {unknown}
 w - a potion of invisibility {unknown}
Comestibles
 c - 4 rations
 f - 3 chunks of flesh


   Skills:
 + Level 3.5 Fighting
 * Level 4.4 Axes
 + Level 4.3 Armour
 + Level 4.3 Shields
 + Level 0.0 Invocations


You had 4 spell levels left.
You didn't know any spells.
Your spell library contained the following spells:

 Spells                   Type           Power        Failure   Level  Hunger
 Magic Dart               Conj           #...         95%         1    ##.....
 Blink                    Tloc           N/A          99%         2    ###....
 Call Imp                 Summ           #.......     99%         2    ###....
 Slow                     Hex            #.......     99%         2    ###....
 Conjure Flame            Conj/Fire      #.......     100%        3    ####...
 Mephitic Cloud           Conj/Pois/Air  #.......     100%        3    ####...


Dungeon Overview and Level Annotations

Branches:
Dungeon (4/15)
 Temple: D:4-7

Altars:
Makhleb
Okawaru
Sif Muna
Xom


Innate Abilities, Weirdness & Mutations

You are resistant to damage.
You can heal yourself by infusing magical energy.
You passively map a small area around you.
You do not regenerate.


Message History

Found a shimmering blue altar of Sif Muna.
No target in view!
Found a long sword.
No target in view!
A worker ant comes into view.
A worker ant is nearby!
Found 15 sling bullets.
You see here a polished ring mail.
A worker ant is nearby!
You hit the worker ant.
The worker ant is lightly wounded.
The worker ant bites you but does no damage.
The worker ant barely misses you.
A worker ant is nearby!
You slash the worker ant!
You kill the worker ant!
No target in view!
No target in view!
d - a polished ring mail No target in view!
You start removing your armour.
You continue taking off your +0 plate armour. x4
You finish taking off your +0 plate armour.
You start putting on your armour.
You continue putting on your polished ring mail. x5
You finish putting on the cursed +1 ring mail of Whack-A-Mole {+Blink}.
Oops, that feels deathly cold.
Xom makes a sudden noise!
You hear the tinkle of an enormous bell.
You hear a bark!
You hear a shout! x2; You hear a bark!
You hear a shout!
You see here a long sword.
A hound comes into view.
The hound barks!
Found a human corpse.
Found a burning altar of Makhleb.
Xom's attention turns to you for a moment.
Sand pours from your hands.
A hound is nearby!
You closely miss the hound. You block the hound's attack.
The hound bites you but does no damage.
You miss the hound. The hound bites you.
The hound bites you but does no damage.
You hit the hound.
The hound is heavily wounded.
The hound bites you but does no damage. The hound closely misses you.
You barely miss the hound.
The hound is heavily wounded.
You are feeling hungry.
You block the hound's attack. x2
You barely miss the hound.
The hound is heavily wounded.
The hound barely misses you. You block the hound's attack.
You hit the hound.
The hound is almost dead.
The hound barely misses you. You block the hound's attack.
You hit the hound.
You kill the hound!
An ogre comes into view. It is wielding a +0 giant spiked club.
The ogre moves out of view.
You see here a human corpse.
You butcher the human corpse.
f - 4 chunks of flesh You see here a human skeleton.
Eat one of 4 chunks of flesh? (ye/n/q)
You eat one of the 4 chunks of flesh.
This raw flesh tastes terrible.
There is a burning altar of Makhleb here.
You kneel at the altar of Makhleb.
You have lost your religion!
Xom does not appreciate desertion!
Makhleb welcomes you!
You see here a human skeleton.
An orc comes into view. It is wielding a +0 mace.
An orc is nearby!
An orc is nearby!
Found 4 poisoned darts.
An orc is nearby!
You barely miss the orc. You block the orc's attack.
The ogre shouts!
You hit the orc.
The orc is almost dead.
The orc hits you with a +0 mace.
You hit the orc.
You kill the orc!
Makhleb accepts your kill.
A hound comes into view.
Found 15 gold pieces.
Things that are here:
a +0 mace; a +0 leather armour You slash the ogre!
The ogre is severely wounded.
The ogre hits you with a +0 giant spiked club!!
Ouch! That really hurt!
* * * LOW HITPOINT WARNING * * *
The hound misses you.
You feel much better. The hound bites you but does no damage.
You block the ogre's attack. The hound barely misses you.
You closely miss the ogre.
The ogre is severely wounded.
You miss the hound. The hound bites you.
The ogre hits you with a +0 giant spiked club!!
Ouch! That really hurt!
You die...

###.#.#.#######......
*
#...#.......(.......
#......####.........
#...........#.......
*
###....#.####...(...
##)...##............
,
##...######.#.....$..
, , ##..###
#...).h......
#..#####
####.@O......
##..#..##
#...##...... ,
##...÷.###.### ,.....
* * ###.._∩### .... ,
*, ##..## , ... , * *
* * #### * , ,.. * .
* * * , * ,


You could see an ogre and a hound.

Vanquished Creatures
  A crimson imp (D:3)
  A hound (D:4)
  A worker ant (D:4)
  Robin (D:2)
  3 adders (D:2 D:3)
  2 worms (D:3)
  A dart slug (D:2)
  7 orcs (D:3 D:4)
  5 giant cockroaches (D:1 D:2 D:3)
  17 goblins (D:1 D:2 D:3)
  12 hobgoblins (D:1 D:2 D:3)
  2 jackals (D:1)
  A ball python (D:2)
  11 bats (D:1 D:2)
  5 frilled lizards (D:1 D:2 D:4)
  11 kobolds (D:1 D:2 D:3)
  10 rats (D:1 D:2 D:3)
91 creatures vanquished.

Notes
Turn   | Place    | Note
-------+----------+-------------------------------------------
     0 | D:1      | Monsterracer the Deep Dwarf Fighter began the quest for the
                  | Orb.
     0 | D:1      | Reached XP level 1. HP: 20/20 MP: 1/1
    68 | D:1      | Reached XP level 2. HP: 25/27 MP: 2/2
   346 | D:1      | Reached XP level 3. HP: 31/34 MP: 3/3
   658 | D:2      | Noticed Robin
   693 | D:2      | HP: 17/34 [hobgoblin/+0 club[Robin] (4)]
   701 | D:2      | Killed Robin
   701 | D:2      | Reached XP level 4. HP: 21/42 MP: 4/4
   846 | D:2      | Found a shimmering altar of Xom.
  1113 | D:2      | Found a faded altar of an unknown god.
  1292 | D:2      | Found an iron altar of Okawaru.
  1408 | D:2      | Became a worshipper of Xom the Unpredictable
  1620 | D:3      | XOM: silly message
  1626 | D:3      | XOM: silly message
  1647 | D:3      | Reached XP level 5. HP: 38/49 MP: 4/4
  1985 | D:3      | XOM: harmless Erth miscast
  2047 | D:4      | Found a shimmering blue altar of Sif Muna.
  2056 | D:4      | Got a polished ring mail
  2067 | D:4      | Identified the cursed +1 ring mail of Whack-A-Mole {+Blink}
                  | (You found it on level 4 of the Dungeon)
  2069 | D:4      | XOM: noise
  2074 | D:4      | Found a burning altar of Makhleb.
  2075 | D:4      | XOM: harmless Erth miscast
  2082 | D:4      | Noticed an ogre
  2091 | D:4      | Fell from the grace of Xom
  2091 | D:4      | Became a worshipper of Makhleb the Destroyer
  2112 | D:4      | HP: 5/49 [ogre/+0 giant spiked club (26)]
  2114 | D:4      | Slain by an ogre

Levels and vault maps discovered:
D:1:      noname_arrival_rooms_in_the_neighbourhood, layout_rooms
D:2:      minmay_evil_eye, layout_basic, kennysheep_okawaru_gauntlet,
          chequers_ecumenical_altar_simple, brannock_xom_greatest_gift,
          uniq_robin
D:3:      layout_loops_ring, first_ration
D:4:      layout_rooms, lemuel_doored_altar, makhleb_blood_cavern_becter,
          minmay_manual_monolith

Skill      XL: |  1  2  3  4 |
---------------+-------------+-----
Fighting       | 3 |  3.5
Axes           | 3 4 |  4.4
Armour         | 4 |  4.3
Shields        | 4 |  4.3

Action                   |  1- 3 |  4- 6 || total
-------------------------+-------+-------++-------
Melee: War axe           |   152 |   131 ||   283
 Abil: Heal Wounds       |       |     3 ||     3
  Use: Scroll            |       |    11 ||    11
  Eat: Chunk             |       |     5 ||     5
Armor: Scale mail        |   115 |    43 ||   158
       Plate armour      |       |     5 ||     5
       Ring mail         |       |     4 ||     4
Dodge: Dodged            |    64 |    40 ||   104
Block: Shield            |   117 |    59 ||   176
